 Dungeon Crawl Stone Soup version 0.18.1-8-gdd0e5ea (webtiles) character file.

456 Shtopit the Shield-Bearer (level 7, -6/55 HPs)
             Began as a Formicid Fighter on June 1, 2016.
             Killed from afar by an orc wizard (11 damage)
             ... with a puff of flame
             ... on level 4 of the Dungeon.
             The game lasted 00:08:56 (3531 turns).

Shtopit the Shield-Bearer (Formicid Fighter)        Turns: 3531, Time: 00:09:07

Health: -6/55      AC:  9    Str: 20    XL:     7   Next: 27%
Magic:  7/7        EV:  7    Int:  8    God:
Gold:   184        SH: 10    Dex: 10    Spells: 0 memorised, 6 levels left

rFire  . . .     SeeInvis +     a - +0 long sword
rCold  . . .     Gourm    .     q - +0 chain mail
rNeg   . . .     Faith    .     c - +0 shield
rPois  .         Spirit   .     (helmet unavailable)
rElec  .         Dismiss  .     (no cloak)
rCorr  .         Reflect  .     (no gloves)
SustAt .         Harm     .     (no boots)
MR     +....                    (no amulet)
Stlth  ..........               (no ring)
                                (no ring)

@: somewhat resistant to hostile enchantments, extremely unstealthy
A: permanent stasis, dig shafts and tunnels, four strong arms, antennae 3,
talons 1, magic resistance 1, weak 1
a: Dig, Shaft Self


You were on level 4 of the Dungeon.
You were not hungry.

You visited 1 branch of the dungeon, and saw 4 of its levels.

You collected 184 gold pieces.

Inventory:

Hand Weapons
 a - a +0 long sword (weapon)
 y - a +0 blowgun
Missiles
 n - 35 bolts
 r - 35 poisoned needles
Armour
 b - a +0 scale mail
 c - a +0 shield (worn)
 q - a +0 chain mail (worn)
Jewellery
 g - an uncursed ring of sustain attributes {unknown}
 m - a +3 ring of protection {unknown}
Scrolls
 h - 2 scrolls of teleportation {unknown}
 i - 2 scrolls of remove curse {unknown}
 j - a scroll of identify {unknown}
 k - a scroll of enchant armour {unknown}
 p - 2 scrolls of immolation {unknown}
 s - a scroll of enchant weapon {unknown}
 u - 2 scrolls of random uselessness {unknown}
 v - 2 scrolls of recharging {unknown}
 z - a scroll of magic mapping {unknown}
 A - a scroll of fog {unknown}
 B - a scroll of noise {unknown}
 F - a scroll of amnesia {unknown}
 G - a scroll of fear {unknown}
Potions
 d - a potion of might
 e - 3 potions of mutation
 l - 2 potions of heal wounds {unknown}
 o - a potion of ambrosia {unknown}
 t - a potion of berserk rage {unknown}
 x - 2 potions of curing {unknown}
Comestibles
 f - 4 bread rations
 w - 8 fruits
 C - 7 chunks of flesh
 D - a meat ration
 E - a beef jerky


   Skills:
 + Level 4.9 Fighting
 + Level 3.6 Long Blades
 + Level 0.4 Throwing
 + Level 4.7 Armour
 + Level 2.1 Dodging
 + Level 5.4 Shields


You had 6 spell levels left.
You didn't know any spells.

Dungeon Overview and Level Annotations

Branches:
Dungeon (4/15)
 Temple: D:4-7

Altars:
Okawaru
Vehumet


Innate Abilities, Weirdness & Mutations

You are under a permanent stasis effect.
You can dig through walls and to a lower floor.
Your four strong arms can wield two-handed weapons with a shield.
You have a pair of large antennae on your head (SInv).
You have sharp toenails.
You are resistant to hostile enchantments.
You are weak. (Str -2)


Message History

The puff of frost hits you!
* * * LOW HITPOINT WARNING * * *
The orc wizard gestures at you while chanting.
The magic dart hits you!
* * * LOW HITPOINT WARNING * * *
The orc wizard hits you but does no damage.
The orc wizard points at you and mumbles some strange words.
The magic dart hits you!
* * * LOW HITPOINT WARNING * * *
The orc wizard hits you but does no damage.
The orc wizard mumbles some strange words.
The orc wizard flickers and vanishes for a moment.
Drink which item? (? for menu, Esc to quit)
It was a potion of mutation.
You feel extremely strange.
You feel weaker.
You feel resistant to hostile enchantments.
Your toenails lengthen and sharpen.
The orc wizard gestures at you while chanting.
The puff of flame hits you!
You die...

###..# .....# ###### #
##### ### #... ..######
##.## ##
.......#####...## .######
.#####...##.....##......#
......####.....!@#......#
.####........_)..oo.....#
....######.......#).....#
....# ##.....##......#
....# ##...## .(....#
....# ##.## ......# #####
#... ......# #####
#######


You could see 2 orc wizards.

Vanquished Creatures
  A scorpion (D:4)
  A howler monkey (D:4)
  An orc wizard (D:4)
  Natasha (thrice) (D:3)
  2 worker ants (D:4)
  6 adders
  8 gnolls
  An adder skeleton (D:3)
  A worm (D:3)
  A dart slug (D:3)
  2 giant geckos
  4 orcs (D:4)
  2 giant cockroaches
  8 goblins
  5 hobgoblins
  9 jackals
  5 kobolds
  A quokka (D:2)
  A ball python (D:1)
  7 bats
  6 giant newts
  17 rats
92 creatures vanquished.

Notes
Turn   | Place    | Note
--------------------------------------------------------------
     0 | D:1      | Shtopit the Formicid Fighter began the quest for the Orb.
     0 | D:1      | Reached XP level 1. HP: 18/18 MP: 1/1
    97 | D:1      | Reached XP level 2. HP: 21/24 MP: 2/2
   362 | D:1      | Reached skill level 4 in Shields
   710 | D:1      | Reached XP level 3. HP: 26/29 MP: 3/3
   886 | D:2      | Reached XP level 4. HP: 13/37 MP: 4/4
  1199 | D:2      | Found an iron altar of Okawaru.
  1702 | D:3      | Noticed Natasha
  1707 | D:3      | Killed Natasha
  1707 | D:3      | Reached skill level 1 in Dodging
  1707 | D:3      | Reached XP level 5. HP: 39/42 MP: 5/5
  1861 | D:3      | Noticed Natasha
  1889 | D:3      | Killed Natasha
  2210 | D:3      | Noticed Natasha
  2220 | D:3      | Killed Natasha
  2263 | D:3      | Found a faded altar to an unknown god.
  2404 | D:3      | Reached XP level 6. HP: 35/49 MP: 6/6
  3249 | D:4      | Reached skill level 5 in Shields
  3401 | D:4      | Reached XP level 7. HP: 55/55 MP: 7/7
  3498 | D:4      | Found a radiant altar of Vehumet.
  3531 | D:4      | Gained mutation: You are weak. (Str -2) [potion of mutation]
  3531 | D:4      | Gained mutation: You are resistant to hostile enchantments. [potion of mutation]
  3531 | D:4      | Gained mutation: You have sharp toenails. [potion of mutation]
  3531 | D:4      | Killed from afar by an orc wizard

Skill      XL: |  1  2  3  4  5  6 |
---------------+-------------------+-----
Shields        | 4 5 |  5.4
Fighting       | 4 |  4.9
Armour         | 4 |  4.7
Dodging        | 1 2 |  2.1
Long Blades    | 3 |  3.6
Throwing       | |  0.4

Action                   |  1- 3 |  4- 6 |  7- 9 || total
-------------------------+-------+-------+-------++-------
Melee: Long sword        |   101 |   264 |    25 ||   390
 Fire: Blowgun           |       |     6 |       ||     6
  Use: Potion            |       |       |     1 ||     1
  Eat: Chunk             |       |     9 |       ||     9
Armor: Scale mail        |    43 |       |       ||    43
       Chain mail        |    17 |   162 |    31 ||   210
Dodge: Dodged            |    44 |    78 |     9 ||   131
Block: Shield            |    51 |   167 |    21 ||   239
